 Dungeon Crawl Stone Soup version 0.19.0-2-gae57169 (webtiles) character file.

270 RKaid the Chopper (level 6, -8/76 HPs)
             Began as a Minotaur Fighter on Nov 6, 2016.
             Killed by divine providence
             ... invoked by an orc priest
              (11 damage)
             ... on level 3 of the Dungeon.
             The game lasted 00:06:42 (2311 turns).

RKaid the Chopper (Minotaur Fighter)                Turns: 2311, Time: 00:06:42

Health: -8/76      AC: 23    Str: 18 (21) XL:     6   Next: 1%
Magic:  5/5        EV:  2    Int:  2 (5)  God:
Gold:   119        SH: 10    Dex:  8 (11) Spells: 0 memorised, 5 levels left

rFire  . . .     SeeInvis .     a - +0 war axe
rCold  . . .     Gourm    .     (armour currently unavailable)
rNeg   + + +     Faith    .     c - +0 shield
rPois  +         Spirit   .     (helmet currently unavailable)
rElec  .         Reflect  +     (cloak currently unavailable)
rCorr  .         Harm     .     (gloves currently unavailable)
MR     .....     NoTele   +     (boots currently unavailable)
Stlth  ++........               o - +2 amulet of reflection
                                (no ring)
                                k - ring of stealth {Stlth+}

@: tree-form, slowed, very slow
A: (retaliatory headbutt), (horns 0)
a: no special abilities


You were on level 3 of the Dungeon.
You were hungry.
You were a tree.
You visited 1 branch of the dungeon, and saw 3 of its levels.

You collected 119 gold pieces.

Inventory:

Hand Weapons
 a - a +0 war axe (weapon)
Missiles
 g - a throwing net {=f, !d}
Armour
 b - a +0 scale mail (melded)
 c - a +0 shield (worn)
Jewellery
 k - a ring of stealth (left branch) {Stlth+}
   (You found it on level 1 of the Dungeon)
 o - a +2 amulet of reflection (around neck)
   (You found it on level 2 of the Dungeon)
 r - an uncursed ring of flight {+Fly, !d}
   (You found it on level 2 of the Dungeon)
Scrolls
 e - a scroll of remove curse
 s - 3 scrolls of identify
Potions
 d - a potion of might
 h - a potion of flight
 n - 2 potions of magic
Books
 q - a book of Cantrips
   (You found it on level 2 of the Dungeon)
Comestibles
 f - 3 bread rations
 m - a beef jerky
 t - 2 slices of pizza


   Skills:
 - Level 3.6 Fighting
 + Level 7.6 Axes
 - Level 3.6 Armour
 - Level 3.6 Shields


You had 5 spell levels left.
You didn't know any spells.

Dungeon Overview and Level Annotations

Branches:
Dungeon (3/15)

Altars:
Kikubaaqudgha
Trog


Innate Abilities, Weirdness & Mutations

((You reflexively headbutt those who attack you in melee.))
((You have a pair of horns on your head.))


Message History

You are too confused!
You are too confused!
You are too confused!
You are too confused!
Unknown command.
You bump into the rock wall.
You hear some strange, mumbled words.
A magic dart appears from out of thin air!
The magic dart hits you!
The orc wizard mumbles some strange words.
The orc wizard blinks!
The orc hits you from afar with a trident.
The orc barely misses you.
The orc priest calls down the wrath of Beogh upon you.
Beogh smites you! Something hits you but does no damage.
A magic dart appears from out of thin air!
The magic dart hits you!
You feel less confused.
You hear some strange, mumbled words.
You are confused.
Okay, then.
Okay, then.
You start resting.
There is a strange disturbance nearby!
You bump into the rock wall.
Something hits you.
You completely miss something.
You hear some strange, mumbled words.
You are more confused.
You completely miss something. Something hits you.
The orc priest mumbles some strange prayers to Beogh against you.
Beogh smites you!
* * * LOW HITPOINT WARNING * * *
It was a potion of flight.
You feel very buoyant.
You fly up into the air.
Something hits you.
* * * LOW HITPOINT WARNING * * *
It was a potion of degeneration.
There was something very wrong with that liquid.
You feel weakened.
You feel dopey.
You feel clumsy. Something hits you but does no damage.
It was a potion of lignification.
You turn into a tree.
Your +0 scale mail melds into your body.
Your roots penetrate the ground.
You hear some strange, mumbled words.
A magic dart appears from out of thin air!
The magic dart hits you!
The orc priest mumbles some strange prayers to Beogh against you.
Reactivating autopickup.
You feel a bit more experienced.
It was a potion of heal wounds.
You feel much better.
You cannot move. (Use ctrl+direction to attack without moving.)
You cannot move. (Use ctrl+direction to attack without moving.)
You hit the orc. The orc hits you but does no damage. x2
You hit the orc.
You feel less confused. The orc hits you but does no damage.
You hit the orc.
You kill the orc!
The orc priest calls down the wrath of Beogh upon you.
Beogh smites you!
* * * LOW HITPOINT WARNING * * *
You barely miss the orc wizard. The orc hits you but does no damage.
The orc wizard hits you but does no damage.
The orc wizard points at you and mumbles some strange words.
You feel yourself slow down. You block the orc's attack.
You hit the orc wizard.
You kill the orc wizard!
You have reached level 6!
Your experience leads to an increase in your attributes!
Your base attributes are Str 20, Int 5, Dex 11.
Increase (S)trength, (I)ntelligence, or (D)exterity?
You feel stronger. The orc hits you but does no damage.
The orc priest hits you but does no damage.
You closely miss the orc priest. You block the orc's attack.
You block the orc priest's attack. The orc hits you but does no damage.
The orc priest mumbles some strange prayers to Beogh against you.
Beogh smites you!
* * * LOW HITPOINT WARNING * * *
You closely miss the orc priest. The orc hits you but does no damage.
You block the orc priest's attack.
The orc priest hits you but does no damage.
You block the orc's attack.
You hit the orc priest but do no damage.
The orc priest hits you but does no damage.
You block the orc's attack.
You closely miss the orc priest. You block the orc priest's attack.
You block the orc's attack. The orc priest completely misses you.
The orc hits you but does no damage.
You hit the orc priest but do no damage.
You block the orc priest's attack.
The orc hits you from afar with a trident.
* * * LOW HITPOINT WARNING * * *
The orc priest hits you but does no damage.
Okay, then.
You closely miss the orc priest. The orc hits you but does no damage.
The orc priest invokes the aid of Beogh against you.
Beogh smites you!
You die...

#.##.# #.# #..#.# #.#
#######.#.# #.#
..........# #.# ....##
#######..## #.# .....
..# ##.# #.# ....# #.#
#.## #.# ....# ..#
#..# #.# o...# ###
##.# #♣# ..o.# .#
#####.######o##o...##.
.#
#............o[o......
.#
#.####.#####!#########
.#
.#................?#
.#
#....##.####.#....#.
## ###...<....#...##.#
######.###.#.#.#..# #
#...##.........#..#


You could see an orc priest and an orc.

Vanquished Creatures
  The ghost of Satyr the Insei, an amateur DsTm of Ru (D:3)
  An orc wizard (D:3)
  3 gnolls (D:2)
  4 adders
  An ooze (D:1)
  2 worms (D:2)
  3 dart slugs
  5 leopard geckos
  7 orcs (D:3)
  4 giant cockroaches
  4 goblins
  5 hobgoblins
  2 jackals (D:1)
  8 kobolds
  A quokka (D:2)
  8 bats
  6 frilled lizards
  8 rats
73 creatures vanquished.

Vanquished Creatures (others)
  A wizard (D:3)
  An orc wizard (D:3)
2 creatures vanquished.

Grand Total: 75 creatures vanquished

Notes
Turn   | Place    | Note
-------+----------+-------------------------------------------
     0 | D:1      | RKaid the Minotaur Fighter began the quest for the Orb.
     0 | D:1      | Reached XP level 1. HP: 19/19 MP: 0/0
   141 | D:1      | Reached skill level 3 in Axes
   153 | D:1      | Reached XP level 2. HP: 22/26 MP: 1/1
   354 | D:1      | Reached skill level 4 in Axes
   471 | D:1      | Reached XP level 3. HP: 30/31 MP: 2/2
  1200 | D:2      | Reached skill level 5 in Axes
  1240 | D:2      | Reached XP level 4. HP: 27/39 MP: 3/3
  1748 | D:3      | Found a bloodstained altar of Trog.
  1749 | D:3      | Noticed a wizard
  1754 | D:3      | Killed a wizard
  1796 | D:3      | Reached skill level 6 in Axes
  1996 | D:3      | Found an ancient bone altar of Kikubaaqudgha.
  2060 | D:3      | Noticed Satyr's ghost (amateur DsTm)
  2146 | D:3      | Killed Satyr's ghost
  2146 | D:3      | Reached skill level 7 in Axes
  2146 | D:3      | Reached XP level 5. HP: 38/45 MP: 4/4
  2296 | D:3      | HP: 6/45 [orc priest/divine providence (11)]
  2297 | D:3      | HP: 2/45 [something (4)]
  2303 | D:3      | HP: 11/67 [orc priest/divine providence (13)]
  2305 | D:3      | Reached XP level 6. HP: 13/51 MP: 5/5
  2306 | D:3      | HP: 3/76 [orc priest/divine providence (11)]
  2311 | D:3      | Killed from afar by an orc priest

Skill      XL: |  1  2  3  4 |
---------------+-------------+-----
Axes           | 3 4 5 7 |  7.6
Fighting       | |  3.6
Armour         | |  3.6
Shields        | |  3.6

Action                   |  1- 3 |  4- 6 || total
-------------------------+-------+-------++-------
Melee: War axe           |   109 |   109 ||   218
       Headbutt          |    14 |    13 ||    27
  Use: Scroll            |       |     2 ||     2
       Potion            |       |     4 ||     4
  Eat: Chunk             |     1 |     3 ||     4
Armor: Scale mail        |    47 |    28 ||    75
       Skin              |       |    14 ||    14
Dodge: Dodged            |    22 |    19 ||    41
Block: Shield            |    58 |    70 ||   128
       Reflection        |       |     3 ||     3

Vault maps used:
D:1:      shiori_arrival_elements, kennysheep_nondescript
D:2:      first_bread
D:3:      kiku_gazebo_garden_becter, trog_wizard

Table legend:
 A = Turns spent in this place as a percentage of turns spent in the entire game.
 B = Non-inter-level travel turns spent in this place as a percentage of non-inter-level travel turns spent in the entire game.
 C = Inter-level travel turns spent in this place as a percentage of turns spent in this place.
 D = Turns resting spent in this place as a percentage of non-inter-level travel turns spent in this place.
 E = Turns spent auto-exploring this place as a percentage of non-inter-level travel turns spent in this place.
 F = Non-inter-level travel turns spent in this place divided by the number of levels of this place that you've seen.
                   A       B       C       D       E      F
               +-------+-------+-------+-------+-------+----------------------
         Total | 100.0 | 100.0 |   0.3 |   1.5 |  10.0 | 240.0
       Dungeon | 100.0 | 100.0 |   0.3 |   1.5 |  10.0 | 240.0
               +-------+-------+-------+-------+-------+----------------------

Table legend:
 A = Kills in this place as a percentage of kills in entire the game.
 B = Kills by you in this place as a percentage of kills by you in the entire game.
 C = Kills by friends in this place as a percentage of kills by friends in the entire game.
 D = Other kills in this place as a percentage of other kills in the entire game.
 E = Experience gained in this place as a percentage of experience gained in the entire game.
 F = Experience gained in this place divided by the number of levels of this place that you have seen.
                   A       B       C       D       E      F
               +-------+-------+-------+-------+-------+----------------------
         Total | 100.0 | 100.0 |  -nan | 100.0 | 100.0 | 129.0
       Dungeon | 100.0 | 100.0 |  -nan | 100.0 | 100.0 | 129.0
               +-------+-------+-------+-------+-------+----------------------
